 Dungeon Crawl Stone Soup version 0.29-a0-512-gf59ac788ac (webtiles) character file.

Game seed: 9173213858709268384

1036 croobank the Ducker (level 8, -8/52 (54) HPs)
             Began as an Octopode Transmuter on May 29, 2022.
             Was an Initiate of Gozag.
             Mangled by a wight
             ... wielding a +1 falchion
              (11 damage)
             ... on level 6 of the Dungeon.
             The game lasted 00:14:54 (6984 turns).

croobank the Ducker (Octopode Transmuter)           Turns: 6984, Time: 00:14:55

HP:   -8/52 (54)    AC:  1    Str: 10    XL:     8   Next: 24%
MP:   14/14         EV: 14    Int: 17    God:    Gozag
Gold: 465           SH:  0    Dex: 12    Spells: 2/15 levels left

rFire   . . .      SeeInvis .   a - +1 short sword (venom)
rCold   . . .      Faith    .   (no shield)
rNeg    . . .      Spirit   .   (helmet restricted)
rPois   .          Reflect  .   (no amulet)
rElec   .          Harm     .   s - ring of flight
rCorr   .          Rampage  .   (no ring)
Will    .....                   (no ring)
Stlth   ++........              (no ring)
HPRegen 0.17/turn               (no ring)
MPRegen 0.14/turn               (no ring)
                                (no ring)
                                (no ring)

@: flying, hasted, lightly drained, very quick
A: almost no armour, amphibious, 8 rings, camouflage 1, gelatinous body 1,
(nimble swimmer 1), tentacles
a: Renounce Religion, Potion Petition, Call Merchant, Bribe Branch


You were on level 6 of the Dungeon.
You worshipped Gozag.
Gozag was aware of your devotion.
You visited 2 branches of the dungeon, and saw 7 of its levels.

You collected 519 gold pieces.
You paid 54 gold pieces to Gozag.

Inventory:

Hand Weapons
 a - a +1 short sword of venom (weapon)
 b - a +0 hunting sling
 e - a +0 long sword
 h - a +0 rapier
 l - a +0 dagger
 t - a +0 hand axe
 x - a +0 trident
Missiles
 c - 5 javelins (quivered)
 d - 217 stones
 g - 5 poisoned darts
 z - 6 boomerangs
Jewellery
 s - a ring of flight (left tentacle)
Wands
 y - a wand of paralysis (9)
Scrolls
 f - 3 scrolls of teleportation
 n - a scroll of brand weapon
 p - 2 scrolls of magic mapping
 q - a scroll of vulnerability {unknown}
 w - a scroll of blinking {unknown}
Potions
 i - a potion of haste
 j - a potion of lignification
 k - 2 potions of might
 m - a potion of attraction
 o - a potion of resistance {unknown}
 r - 2 potions of mutation {unknown}
 u - 2 potions of curing
 v - a potion of brilliance {unknown}


   Skills:
 + Level 4.1 Fighting
 + Level 3.7 Short Blades
 + Level 4.5 Dodging
 - Level 3.1 Unarmed Combat
 + Level 4.2 Spellcasting
 + Level 4.5 Transmutations


You had 2 spell levels left.
You knew the following spells:

 Your Spells              Type           Power      Damage    Failure   Level
a - Beastly Appendage     Tmut           38%        N/A       2%          1
b - Wereblood             Tmut           19%        N/A       3%          2
c - Spider Form           Tmut/Pois      11%        N/A       19%         3
d - Ice Form              Ice/Tmut       11%        N/A       52%         4
e - Call Canine Familiar  Summ           3%         N/A       43%         3

Your spell library contained the following spells:

 Spells                   Type           Power      Damage    Failure   Level
 Portal Projectile        Hex/Tloc       6%         N/A       43%         3
 Leda's Liquefaction      Hex/Erth       1%         N/A       83%         4


Dungeon Overview and Level Annotations

Branches:
Dungeon (6/15)             Temple (1/1) D:4

Altars:
Cheibriados
Dithmenos
Elyvilon
Gozag
Hepliaklqana
Kikubaaqudgha
Makhleb
Nemelex Xobeh
Okawaru
Qazlal
Ru
Sif Muna
Trog
Uskayaw
Vehumet
Wu Jian
Xom
Yredelemnul
Zin
The Shining One

Shops:
D:2 =


Innate Abilities, Weirdness & Mutations

You cannot wear most types of armour.
You are amphibious.
You can wear up to eight rings at the same time.
Your skin changes colour to match your surroundings (Stealth+).
Your rubbery body absorbs attacks. (AC +1, EV +1)
((You are camouflaged when in or above water. (Stealth+)))
You have tentacles for arms and can constrict up to eight enemies at once.


Message History

You hit the wight.
The wight is severely damaged.
The wight misses you.
You hit the wight but do no damage.
The wight is severely damaged.
The wight misses you. x2
You hit the wight but do no damage.
The wight is severely damaged.
The wight hits you with a +1 falchion!
The wight hits you with a +0 dire flail!
You barely miss the wight.
The wight is severely damaged.
The wight hits you with a +1 falchion. The wight completely misses you.
You hit the wight.
The wight is almost destroyed.
The wight barely misses you. The wight closely misses you.
You barely miss the wight.
The wight is almost destroyed.
Your transformation is almost over.
The wight hits you with a +1 falchion! The wight completely misses you.
You hit the wight.
The wight is almost destroyed.
The wight misses you. The wight completely misses you.
The wight attacks as you move away! The wight misses you.
The wight attacks as you move away! The wight misses you.
The wight attacks as you move away! The wight closely misses you.
There is an open door here.
You hit the wight.
The wight is lightly damaged.
Your transformation has ended.
Your +1 short sword of venom unmelds from your body.
Your +1 short sword of venom begins to drip with poison!
The wight hits you with a +1 falchion!
* * * LOW HITPOINT WARNING * * *
You feel drained.
* * * LOW HITPOINT WARNING * * *
Okay, then.
You feel yourself speed up. The wight hits you with a +1 falchion!
You die...
Your body crumbles into a pile of gold.

### #.#########
#.........#
#.#######.# #.#
#.# #.# #<#
##.############
#..........@zz#
#############'####
. ...........# ...
...........##....
...........>.....
#######..........
#........:.
#..........
........####


You could see 2 wights.

Vanquished Creatures
  Eustachio (D:5)
  A water moccasin (D:5)
  2 ogres
  A necrophage (D:5)
  A bullfrog (D:5)
  A scorpion (D:5)
  A jelly (D:4)
  3 hounds (D:5)
  2 iguanas
  Natasha (twice) (D:3)
  4 gnolls
  7 adders
  An ufetubus (D:5)
  3 worms (D:2)
  3 dart slugs (D:1)
  6 orcs
  8 endoplasms
  3 giant cockroaches
  13 goblins
  7 hobgoblins
  8 jackals (D:1)
  5 quokkas
  5 ball pythons
  7 bats
  4 frilled lizards
  3 kobolds
  9 rats
111 creatures vanquished.

Notes
Turn   | Place    | Note
-------+----------+-------------------------------------------
     0 | D:1      | croobank the Octopode Transmuter began the quest for the
                  | Orb.
     0 | D:1      | Reached XP level 1. HP: 13/13 MP: 3/3
    96 | D:1      | Reached XP level 2. HP: 3/18 MP: 3/5
   118 | D:1      | Learned a level 2 spell: Wereblood
   659 | D:1      | Reached XP level 3. HP: 3/23 MP: 2/6
  2270 | D:2      | Reached XP level 4. HP: 27/29 MP: 5/7
  2274 | D:2      | Learned a level 3 spell: Spider Form
  2296 | D:2      | Found Newaty's Jewellery Boutique.
  2500 | D:2      | Reached skill level 1 in Short Blades
  2958 | D:3      | Reached XP level 5. HP: 34/34 MP: 7/9
  3050 | D:3      | Noticed Natasha
  3055 | D:3      | Killed Natasha
  3101 | D:3      | Found a stormy altar of Qazlal.
  3101 | D:3      | Found a shadowy altar of Dithmenos.
  3478 | D:3      | Noticed Natasha
  3486 | D:3      | Killed Natasha
  3970 | D:4      | Found a staircase to the Ecumenical Temple.
  3996 | Temple   | Entered the Ecumenical Temple
  4180 | Temple   | Became a worshipper of Gozag Ym Sagoz the Greedy
  4532 | D:4      | Noticed an ogre
  4538 | D:4      | Killed an ogre
  4539 | D:4      | Reached XP level 6. HP: 17/41 MP: 6/10
  5364 | D:5      | Entered Level 5 of the Dungeon
  5389 | D:5      | Reached XP level 7. HP: 32/46 MP: 9/12
  6492 | D:5      | Noticed Eustachio
  6499 | D:5      | Learned a level 4 spell: Ice Form
  6503 | D:5      | Learned a level 3 spell: Call Canine Familiar
  6525 | D:5      | Killed Eustachio
  6526 | D:5      | Reached XP level 8. HP: 31/54 MP: 11/14
  6984 | D:6      | Mangled by a wight

Illustrated notes

Levels and vault maps discovered:
D:1:      nzn_arrival_settlement, layout_basic, minmay_quantized
D:2:      layout_rooms, serial_shops, nicolae_shop_hallway_stairs,
          minmay_joined_circles
D:3:      layout_rooms, mainiacjoe_overflow_divided_tiny, uniq_natasha
D:4:      layout_cave_pods, minmay_temple_entry_trees
D:5:      layout_basic, uniq_eustachio
D:6:      layout_basic, evilmike_ruin_ashenzari
Temple:   dpeg_five_rooms_temple

Skill      XL: |  1  2  3  4  5  6  7 |
---------------+----------------------+-----
Fighting       | 2 3 4 |  4.1
Short Blades   | 1 2 3 |  3.7
Dodging        | 3 4 |  4.5
Transmutations | 3 4 |  4.5
Spellcasting   | 3 4 |  4.2
Unarmed Combat | |  3.1

Action                   |  1- 3 |  4- 6 |  7- 9 || total
-------------------------+-------+-------+-------++-------
Melee: Unarmed           |    28 |       |    28 ||    56
       Kick              |    27 |    25 |    10 ||    62
       Constrict         |    20 |    25 |     9 ||    54
       Rapier            |    23 |       |       ||    23
       Tentacles         |     5 |    20 |     9 ||    34
       Short sword       |    23 |   113 |    35 ||   171
       Punch             |     1 |     3 |     2 ||     6
Throw: Throwing net      |       |     1 |       ||     1
       Javelin           |       |       |     4 ||     4
 Cast: Beastly Appendage |    19 |    33 |     9 ||    61
       Wereblood         |     1 |     7 |     2 ||    10
       Spider Form       |       |       |     2 ||     2
  Use: Scroll            |     6 |     6 |       ||    12
       Potion            |       |       |     1 ||     1
 Stab: Sleeping          |     1 |     9 |     1 ||    11
Armor: Skin              |     7 |    16 |     2 ||    25
Dodge: Dodged            |    46 |    62 |    60 ||   168

Table legend: (Time is in decaauts)
 A = Elapsed time spent in this place.
 B = Non-inter-level travel time spent in this place.
 C = Inter-level travel time spent in this place.
 D = Time resting spent in this place.
 E = Time spent auto-exploring this place.
 F = Levels seen in this place.
 G = Mean time per level.
                   A        B        C        D        E       F      G
               +--------+--------+--------+--------+--------+-----+--------+
         Total |   6986 |   6614 |    372 |   1540 |   4084 |   7 |  998.0 |
       Dungeon |   6770 |   6429 |    341 |   1540 |   3914 |   6 | 1128.3 |
        Temple |    215 |    184 |     31 |      0 |    170 |   1 |  215.0 |
               +--------+--------+--------+--------+--------+-----+--------+

Top non-repeatable levels by time:
     D:1: 1940 daAuts
     D:5: 1566 daAuts
     D:4: 1228 daAuts
     D:3: 1099 daAuts
     D:2: 883 daAuts
  Temple: 215 daAuts
     D:6: 51 daAuts
